 Dungeon Crawl Stone Soup version 0.32-a0-18-g89e19f1 (webtiles) character file.

Game seed: 14025965164114274714

5649 Dorkslayer the Carver (level 10, -10/69 HPs)
             Began as an Octopode Fighter on Jan 15, 2024.
             Mangled by a warg (24 damage)
             ... on level 9 of the Dungeon.
             The game lasted 00:22:40 (6683 turns).

Dorkslayer the Carver (Octopode Fighter)            Turns: 6683, Time: 00:22:41

Health: -10/69     AC:  3    Str: 15    XL:     10   Next: 74%
Magic:  24/24      EV: 16    Int: 18    God:
Gold:   449        SH:  6    Dex: 15    Spells: 15/15 levels left

rFire   . . .        A - +2 scimitar (venom)
rCold   . . .        b - +1 buckler
rNeg    . . .        j - +2 hat
rPois   .            (no amulet)
rElec   .            c - ring "Tufaawk" {Fly MP+9 SInv Stlth+}
rCorr   .            s - +6 ring of intelligence
SInv    +            (no ring)
Will    .....        (no ring)
Stlth   ++++++       (no ring)
HPRegen 0.31/turn    (no ring)
MPRegen 0.19/turn    (no ring)
                     (no ring)

%: no passive effects
@: flying, hasted, very quick
A: almost no armour, amphibious, 8 rings, camouflage 1, gelatinous body 1,
(nimble swimmer 1), tentacles
a: no special abilities


You were on level 9 of the Dungeon.
You visited 2 branches of the dungeon, and saw 10 of its levels.

You collected 449 gold pieces.

Inventory:

Hand Weapons
 v - a +3 falchion of freezing
 A - a +2 scimitar of venom (weapon)
Missiles
 d - 4 boomerangs (quivered)
Armour
 b - a +1 buckler (worn)
 j - a +2 hat (worn)
Jewellery
 c - the ring "Tufaawk" (left tentacle) {Fly MP+9 SInv Stlth+}
   (You acquired it on level 4 of the Dungeon)

   [ring of magical power]

   MP+9:      It affects your magic capacity (+9).
   SInv:      It lets you see invisible.
   Fly:       It grants you flight.
   Stlth+:    It makes you more stealthy.
 s - a +6 ring of intelligence (right tentacle)
Talismans
 f - a flux talisman
Wands
 w - a wand of flame (12)
Scrolls
 p - 3 scrolls of blinking
 r - a scroll of amnesia
Potions
 a - 2 potions of invisibility {unknown}
 g - 2 potions of curing
 h - 4 potions of might
 i - a potion of haste
 k - 3 potions of attraction
 l - a potion of degeneration {unknown}
 m - 2 potions of enlightenment
 o - 2 potions of mutation
 q - 2 potions of cancellation
 z - 3 potions of lignification {unknown}


   Skills:
 + Level 6.7 Fighting
 + Level 8.5 Long Blades
 + Level 0.4 Throwing
 + Level 8.1 Dodging
 - Level 8.0 Stealth
 + Level 6.0 Shields
 + Level 3.4 Spellcasting
 * Level 3.5 Evocations
 + Level 6.5 Shapeshifting


You had 15 spell levels left.
You didn't know any spells.
Your spell library contained the following spells:

 Spells                   Type           Power      Damage    Failure   Level
 Magic Dart               Conj           12%        1d3       21%         1
 Blink                    Tloc           6%         N/A       30%         2
 Lesser Beckoning         Tloc           6%         N/A       30%         2
 Momentum Strike          Conj/Tloc      6%         3d8       30%         2
 Searing Ray              Conj           6%         2d4       30%         2
 Stone Arrow              Conj/Erth      6%         3d7       52%         3
 Fulminant Prism          Conj/Alch      1%         3d5       89%         4
 Lehudib's Crystal Spear  Conj/Erth      1%         10d2      100%        8
 Animate Armour           Summ/Erth      Unusable   N/A       N/A         4

Dungeon Overview and Level Annotations

Branches:
Dungeon (9/15)             Temple (1/1) D:7
   Lair: D:8-11         Orc: D:9-12

Altars:
Ashenzari
Cheibriados
Dithmenos
Fedhas
Hepliaklqana
Kikubaaqudgha
Makhleb
Nemelex Xobeh
Okawaru
Qazlal
Ru
Sif Muna
Uskayaw
Xom
Yredelemnul
Zin
The Shining One

Shops:
D:3 :


Innate Abilities, Weirdness & Mutations

You cannot wear most types of armour.
You are amphibious.
You can wear up to eight rings at the same time.
Your skin changes colour to match your surroundings (Stealth+).
Your rubbery body absorbs attacks. (AC +1, EV +1)
((You are camouflaged when in or above water. (Stealth+)))
You have tentacles for arms and can constrict up to eight enemies at once.


Message History

The warg howls!
The orc priest shouts!
You slash the killer bee!
You kill the killer bee!
The killer bee stings you.
You slash the killer bee!
The killer bee is poisoned.
You grab the killer bee.
The killer bee is moderately wounded.
You constrict the killer bee. The killer bee stings you!
* * * LOW HITPOINT WARNING * * *
The orc priest looks braver for a moment.
The killer bee stings you!
* * * LOW HITPOINT WARNING * * *
You are poisoned.
The killer bee poisons you!
You hear a howl!
You feel better.
You constrict the killer bee.
You kill the killer bee!
The orc priest invokes the aid of Beogh against you.
Beogh smites you!
* * * LOW HITPOINT WARNING * * *
You hit the orc wizard but do no damage.
The orc wizard is poisoned.
You grab the orc wizard. You constrict the orc wizard.
A wolf comes into view.
The orc wizard misses you.
You slash the orc wizard!
The orc wizard looks even sicker.
You squeeze the orc wizard.
The orc wizard is almost dead.
You constrict the orc wizard. You slash the orc wizard!
You kill the orc wizard!
An orc priest comes into view. It is wielding a +0 trident.
The warg attacks as it pursues you! You block the warg's attack.
You slash the warg! Your squeeze misses the warg.
The warg is moderately wounded.
The warg barely misses you.
You feel better. The warg misses you.
You hit the warg.
The warg is poisoned.
The warg is moderately wounded.
The warg bites you!!
You die...

..................#####
##....#8..8#..........##
#.$..##........... .....
##.......... #$$$
#....###### ### #...##
#..:# #oh.## #)#@.#
#.#..# #)o#..# ..h.##..
##..o. o.# #.... ..#
#..o..... ..........
#.......


You could see a warg (very poisoned), an orc priest and an orc.

Vanquished Creatures
  Pikel (D:4)
  Joseph (D:7)
  Prince Ribbit (D:6)
  A wyvern (D:8)
  Eustachio (D:5)
  2 steam dragons
  An acid dragon (D:8)
  An ice beast (D:5)
  A sky beast (D:6)
  3 orc warriors
  A black bear (D:6)
  A wolf (D:9)
  A phantom (D:6)
  A kobold brigand (D:6)
  2 bullfrogs (D:7)
  2 gnoll sergeants
  4 scorpions
  15 wights
  5 killer bees (D:9)
  A bombardier beetle (D:5)
  2 jellies
  5 orc priests
  Crazy Yiuf (D:5)
  3 hounds
  A sleepcap (D:7)
  2 iguanas
  13 orc wizards
  7 gnolls
  10 adders
  A shadow imp (D:6)
  A white imp (D:5)
  4 dart slugs
  2 ribbon worms
  30 orcs
  8 ball pythons
  6 bats
  5 endoplasms
  2 giant cockroaches (D:4)
  3 goblins
  3 hobgoblins
  7 quokkas
  3 frilled lizards
  16 kobolds
  4 rats
185 creatures vanquished.

Notes
Turn   | Place    | Note
-------+----------+-------------------------------------------
     0 | D:1      | Dorkslayer the Octopode Fighter began the quest for the
                  | Orb.
     0 | D:1      | Reached XP level 1. HP: 16/16 MP: 1/1
    62 | D:1      | Reached XP level 2. HP: 21/21 MP: 2/2
   225 | D:1      | Reached XP level 3. HP: 24/26 MP: 3/3
   517 | D:2      | Reached skill level 1 in Stealth
   701 | D:2      | Reached skill level 1 in Shapeshifting
   701 | D:2      | Reached XP level 4. HP: 31/31 MP: 4/4
  1118 | D:2      | Identified the +2 helmet of Ciplec {^Contam rCorr Int+3}
  1208 | D:3      | Found Loifowke's Vocational Training.
  1287 | D:3      | Reached XP level 5. HP: 31/36 MP: 5/5
  1426 | D:3      | Found a shimmering altar of Xom.
  1752 | D:4      | Noticed a lemure
  1754 | D:4      | Noticed Pikel
  1754 | D:4      | Noticed a lemure
  1757 | D:4      | Noticed a lemure
  1759 | D:4      | Killed Pikel
  1760 | D:4      | Reached XP level 6. HP: 27/43 MP: 6/6
  1760 | D:4      | Reached XP level 7. HP: 30/47 MP: 7/7
  1918 | D:4      | Identified a scroll of acquirement
  1921 | D:4      | Acquired the ring "Tufaawk" {Fly MP+9 SInv Stlth+}
  2191 | D:4      | Reached skill level 5 in Fighting
  2191 | D:4      | Reached skill level 5 in Shields
  2191 | D:4      | Reached XP level 8. HP: 57/57 MP: 13/13
  2401 | D:5      | Entered Level 5 of the Dungeon
  2401 | D:5      | Found a blossoming altar of Fedhas.
  2401 | D:5      | Found a stormy altar of Qazlal.
  2602 | D:5      | Found a runed translucent door.
  2603 | D:5      | Noticed Crazy Yiuf
  2613 | D:5      | Killed Crazy Yiuf
  2707 | D:5      | Noticed Eustachio
  2719 | D:5      | Killed Eustachio
  2720 | D:5      | Reached XP level 9. HP: 41/62 MP: 14/14
  3788 | D:6      | Noticed Prince Ribbit
  3795 | D:6      | Killed Prince Ribbit
  4367 | D:6      | Reached skill level 1 in Evocations
  4512 | D:7      | Noticed Joseph
  4524 | D:7      | Killed Joseph
  4525 | D:7      | Reached XP level 10. HP: 36/68 MP: 15/15
  4941 | D:7      | Found a staircase to the Ecumenical Temple.
  4950 | Temple   | Entered the Ecumenical Temple
  6683 | D:9      | Mangled by a warg

Illustrated notes

Levels and vault maps discovered:
D:1:      dpeg_arrival_rhombus, layout_rooms, minivault_26
D:2:      layout_basic
D:3:      layout_rooms, xom_teletrap_fun, nicolae_shop_vocational
D:4:      layout_basic, uniq_pikel
D:5:      layout_loops_corners, grunt_temple_overflow_forces_of_nature,
          uniq_crazy_yiuf_cottage, uniq_eustachio
D:6:      layout_rooms, uniq_prince_ribbit1
D:7:      layout_gridville, minmay_temple_entry_tees, uniq_joseph
D:8:      layout_loops_ring
D:9:      layout_cave_pods, jmf_multi_god_temple, erik_lair_orcish_takeover,
          uniq_gastronok, uniq_erolcha
Temple:   eino_temple_lava

Skill      XL: |  1  2  3  4  5  6  7  8  9 10 |
---------------+-------------------------------+-----
Stealth        | 1 4 7 8 |  8.0
Shapeshifting  | 1 2 6 |  6.5
Long Blades    | 4 6 7 8 |  8.5
Dodging        | 4 7 8 |  8.1
Fighting       | 5 6 |  6.7
Shields        | 5 6 |  6.0
Spellcasting   | 3 |  3.4
Evocations     | 1 3 |  3.5
Throwing       | |  0.4

Action                     |  1- 3 |  4- 6 |  7- 9 | 10-12 || total
---------------------------+-------+-------+-------+-------++-------
  Melee: Long sword        |    65 |    33 |   183 |    19 ||   300
         Constrict         |    15 |    13 |    43 |    41 ||   112
         Tentacles         |    11 |     8 |    42 |    40 ||   101
         Punch             |     1 |       |     5 |     2 ||     8
         Scimitar          |       |       |       |   117 ||   117
         Falchion          |       |       |       |     2 ||     2
  Throw: Boomerang         |       |       |       |     5 ||     5
  Evoke: Wand              |       |       |     1 |    20 ||    21
    Use: Scroll            |       |     7 |     7 |     9 ||    23
         Potion            |       |     1 |     1 |    11 ||    13
   Stab: Sleeping          |     9 |     3 |    17 |     3 ||    32
         Distracted        |       |       |     1 |       ||     1
 Armour: Skin              |    21 |     8 |    69 |    69 ||   167
  Dodge: Dodged            |    47 |    11 |   100 |   111 ||   269
  Block: Buckler           |    10 |     5 |    45 |    53 ||   113

Table legend: (Time is in decaauts)
 A = Elapsed time spent in this place.
 B = Non-inter-level travel time spent in this place.
 C = Inter-level travel time spent in this place.
 D = Time resting spent in this place.
 E = Time spent auto-exploring this place.
 F = Levels seen in this place.
 G = Mean time per level.
                   A        B        C        D        E       F      G
               +--------+--------+--------+--------+--------+-----+--------+
         Total |   6717 |   6717 |      0 |    513 |   3475 |  10 |  671.7 |
       Dungeon |   6682 |   6682 |      0 |    513 |   3475 |   9 |  742.4 |
        Temple |     34 |     34 |      0 |      0 |      0 |   1 |   34.0 |
               +--------+--------+--------+--------+--------+-----+--------+

Top non-repeatable levels by time:
     D:5: 1529 daAuts
     D:7: 973 daAuts
     D:8: 887 daAuts
     D:4: 781 daAuts
     D:2: 748 daAuts
     D:6: 534 daAuts
     D:1: 455 daAuts
     D:3: 452 daAuts
     D:9: 319 daAuts
  Temple: 34 daAuts
